 Dungeon Crawl Stone Soup version 0.26.1-2-gb8aa6d0cf2 (webtiles) character file.

Game seed: 1054868307004269257

10577 FishyPogo the Cleaver (level 11, 0/92 HPs)
             Began as a Grey Draconian Ice Elementalist on Feb 26, 2021.
             Was a High Priest of Wu Jian.
             Killed from afar by Fannar (15 damage)
             ... with a bolt of cold
             ... on level 11 of the Dungeon.
             The game lasted 00:57:00 (11647 turns).

FishyPogo the Cleaver (DrIE)                       Turns: 11647, Time: 00:57:01

Health: 0/92       AC: 17    Str: 11    XL:     11   Next: 38%
Magic:  2/18       EV: 15    Int: 18    God:    Wu Jian [*****.]
Gold:   542        SH:  0    Dex: 12    Spells: 9/20 levels left

rFire    . . .     SeeInvis .   u - +6 battleaxe (freeze)
rCold    . . .     Faith    .   (shield currently unavailable)
rNeg     . . .     Spirit   .   (armour unavailable)
rPois    .         Reflect  .   K - +0 hat
rElec    .         Harm     .   w - +0 cloak
rCorr    +         Rampage  .   (no gloves)
Will     .....                  (no boots)
Stlth    ++........             (no amulet)
HPRegen  0.25/turn              j - ring of resist corrosion
MPRegen  0.16/turn              O - +4 ring of protection

@: frozen ramparts
A: walk through water, unfitting armour, unbreathing, cold-blooded, AC +12
a: Renounce Religion, Wall Jump, Serpent's Lash, Heavenly Storm


You were on level 11 of the Dungeon.
You worshipped Wu Jian.
Wu Jian was extremely pleased with you.
You visited 1 branch of the dungeon, and saw 11 of its levels.

You collected 542 gold pieces.

Inventory:

Hand Weapons
 b - a +1 vorpal hand axe
 u - a +6 battleaxe of freezing (weapon)
 D - a cursed +0 short sword
 E - a +2 dagger of holy wrath
Missiles
 a - 353 stones (quivered)
 i - 6 boomerangs of dispersal
 p - 23 poisoned darts
 A - 11 boomerangs
 B - 3 curare-tipped darts
 J - a throwing net
 S - 7 javelins
Armour
 w - a +0 cloak (worn)
 K - a +0 hat (worn)
Jewellery
 c - an uncursed ring of positive energy
 f - an uncursed ring of protection from fire
 j - a ring of resist corrosion (left hand)
 k - an uncursed ring of positive energy
 H - an uncursed ring of flight
 L - an uncursed ring of fire
 O - a +4 ring of protection (right hand)
Wands
 n - a wand of disintegration (14)
 v - a wand of iceblast (11)
 y - a wand of digging (14)
 F - a wand of flame (10)
 I - a wand of random effects (18)
 P - a wand of polymorph (18)
Scrolls
 d - 3 scrolls of remove curse
 e - a scroll of fog {unknown}
 g - 3 scrolls of enchant weapon
 h - 5 scrolls of teleportation {unknown}
 l - 2 scrolls of immolation {unknown}
 o - 6 scrolls of magic mapping
 q - 2 scrolls of random uselessness {unknown}
 r - 2 scrolls of blinking {unknown}
 t - 12 scrolls of identify
 x - a scroll of amnesia {unknown}
 z - 2 scrolls of enchant armour {unknown}
 G - a scroll of vulnerability {unknown}
Potions
 m - a potion of heal wounds
 s - 3 potions of attraction {unknown}
 C - a potion of resistance {unknown}
 M - a potion of might
 N - 2 potions of curing
 Q - a potion of lignification {unknown}
 R - a potion of degeneration
 T - a potion of flight


   Skills:
 - Level 7.0 Fighting
 * Level 9.9 Axes
 + Level 6.8 Dodging
 - Level 2.0 Stealth
 - Level 5.0 Spellcasting
 - Level 1.0 Conjurations
 * Level 7.2 Summonings
 - Level 8.0 Ice Magic
 - Level 3.0 Earth Magic


You had 9 spell levels left.
You knew the following spells:

 Your Spells              Type           Power        Failure   Level
a - Freeze                Ice            100%         1%          1
b - Stone Arrow           Conj/Erth      22%          17%         3
u - Summon Ice Beast      Ice/Summ       32%          6%          4
y - Frozen Ramparts       Ice            66%          1%          3

Your spell library contained the following spells:

 Spells                   Type           Power        Failure   Level
 Summon Small Mammal      Summ           100%         1%          1
 Call Imp                 Summ           30%          1%          2
 Call Canine Familiar     Summ           30%          1%          3
 Ozocubu's Armour         Ice            33%          1%          3
 Sandblast                Erth           30%          3%          1
 Summon Guardian Golem    Hex/Summ       17%          9%          3
 Foxfire                  Conj/Fire      24%          11%         1
 Passwall                 Tmut/Erth      7%           11%         2
 Pain                     Necr           16%          13%         1
 Hailstorm                Conj/Ice       20%          21%         4
 Summon Lightning Spire   Summ/Air       17%          30%         4
 Conjure Flame            Conj/Fire      6%           32%         3
 Inner Flame              Hex/Fire       4%           36%         3
 Vampiric Draining        Necr           2%           36%         3
 Petrify                  Tmut/Erth      9%           56%         4
 Sticky Flame             Conj/Fire      6%           71%         4
 Lee's Rapid Deconstruct  Erth           7%           71%         5
 Fireball                 Conj/Fire      3%           96%         5
 Dragon's Call            Summ           15%          100%        9


Dungeon Overview and Level Annotations

Branches:
Dungeon (11/15)            Temple (0/1) D:6            Lair (0/6) D:9
    Orc (0/2) D:11

Altars:
Ashenzari
Cheibriados
Fedhas
Hepliaklqana
Okawaru
Ru
Vehumet
Wu Jian
Zin

Annotations:
D:3 1 runed translucent door, Crazy Yiuf
D:11 Fannar


Innate Abilities, Weirdness & Mutations

You can walk through water.
Your dull iron-grey scales are very hard. (AC +12)
You cannot fit into any form of body armour.
You can survive without breathing.
You are cold-blooded and may be slowed by cold attacks.


Message History

The ice beast completely resists.
The wall freezes the ice beast but does no damage.
You feel much better.
Fannar completely resists.
The wall freezes Fannar but does no damage.
Fannar gestures wildly while chanting.
The ice beast completely resists.
The wall freezes the ice beast but does no damage.
The ice beast closely misses you.
As you read the scroll of enchant weapon, it crumbles to dust.
Your +5 battleaxe of freezing glows red for a moment.
You feel yourself speed up.
Fannar completely resists.
The wall freezes Fannar but does no damage.
The ice beast completely resists.
The wall freezes the ice beast but does no damage.
The ice beast closely misses you.
Fannar resists.
The wall freezes Fannar.
Fannar casts a spell at you.
The bolt of cold hits the ice beast.
The ice beast completely resists.
The bolt of cold hits you!
You die...

#.######...........######.#.
#......................<..#.
########......)....####.###.
## #...........##....... ...
#...........##.#.#### ....
#...........##.#....# .....
######### #.#.....
......###############[......
..V...'.YeY@................
......######################
..... #...... #### #.#####
#######.# ... #.......# ###
#.####### #.# #.# #.#


You could see Fannar (icy armour) and 2 ice beasts.

Vanquished Creatures
  A boulder beetle (D:9)
  Psyche (D:8)
  Sigmund (D:3)
  The ghost of Paulthewizard the Magician, an amateur DEEE (D:4)
  5 wyverns
  16 yaks
  A steam dragon (D:7)
  Menkaure (D:4)
  Edmund (D:4)
  3 water moccasins (D:9)
  3 sky beasts
  3 orc warriors
  An ice beast (D:9)
  6 ogres
  A phantom (D:8)
  8 centaurs
  A big kobold (D:8)
  A nameless horror (D:9)
  2 bullfrogs
  A water moccasin zombie (D:10)
  4 scorpions
  7 killer bees
  7 wights
  3 howler monkeys
  A quasit (D:10)
  2 jellies
  3 bullfrog skeletons
  8 hounds
  3 orc priests
  3 iguanas
  2 centaur skeletons
  12 orc wizards
  5 worker ants
  A hound skeleton (D:7)
  4 gnolls
  A howler monkey skeleton (D:6)
  12 adders
  4 shadow imps
  2 white imps
  2 ufetubi (D:5)
  An adder zombie (D:8)
  3 worms
  4 dart slugs
  7 leopard geckos
  39 orcs
  8 giant cockroaches
  7 goblins
  4 hobgoblins
  21 jackals
  13 kobolds
  3 quokkas
  4 ball pythons
  8 bats
  3 frilled lizards
  A jackal skeleton (D:6)
  A quokka zombie (D:9)
  9 rats
280 creatures vanquished.

Vanquished Creatures (collateral kills)
  2 two-headed ogres
  A soldier ant (D:10)
  2 orc warriors (D:10)
  A black bear (D:10)
  A scorpion (D:7)
  A killer bee (D:9)
  A wight (D:7)
  A centaur zombie (D:7)
  A hound (D:9)
  2 orc wizards (D:10)
  An adder (D:9)
  A leopard gecko (D:10)
  4 orcs
  A kobold (D:8)
20 creatures vanquished.

Vanquished Creatures (others)
  5 fungi (D:9)
  20 plants (D:9)
25 creatures vanquished.

Grand Total: 325 creatures vanquished

Notes
Turn   | Place    | Note
-------+----------+-------------------------------------------
     0 | D:1      | FishyPogo the Draconian Ice Elementalist began the quest
                  | for the Orb.
     0 | D:1      | Reached XP level 1. HP: 14/14 MP: 3/3
   250 | D:1      | Reached XP level 2. HP: 20/20 MP: 5/5
  1257 | D:3      | Reached XP level 3. HP: 24/27 MP: 1/6
  1259 | D:3      | Reached skill level 1 in Fighting
  1294 | D:3      | Found an iron altar of Okawaru.
  1406 | D:3      | Noticed Sigmund
  1419 | D:3      | Killed Sigmund
  1420 | D:3      | Reached skill level 1 in Axes
  1420 | D:3      | Reached skill level 5 in Ice Magic
  1420 | D:3      | Reached XP level 4. HP: 11/36 MP: 3/8
  1420 | D:3      | Reached XP level 5. HP: 12/41 MP: 3/9
  1715 | D:3      | Found an iron altar of Okawaru.
  1756 | D:3      | Found a faded altar of an unknown god.
  1763 | D:3      | Became a worshipper of the Wu Jian Council
  1763 | D:3      | Reached * piety under Wu Jian
  1799 | D:3      | You fall into a shaft and drop 2 floors!
  1799 | D:5      | Entered Level 5 of the Dungeon
  1799 | D:5      | Noticed an ogre
  1813 | D:5      | Noticed an ogre
  1826 | D:4      | Reached skill level 2 in Axes
  1831 | D:4      | Noticed Edmund
  2097 | D:2      | Reached XP level 6. HP: 45/49 MP: 6/10
  3030 | D:3      | Reached ** piety under Wu Jian
  3104 | D:3      | Found a runed translucent door.
  3105 | D:3      | Noticed Crazy Yiuf
  3175 | D:4      | Killed Edmund
  3176 | D:4      | Reached skill level 3 in Axes
  3183 | D:4      | Learned a level 3 spell: Frozen Ramparts
  3313 | D:4      | Noticed Menkaure
  3327 | D:4      | Killed Menkaure
  3328 | D:4      | Your scales start taking on a dull iron-grey colour.
  3328 | D:4      | Reached XP level 7. HP: 39/57 MP: 3/11
  3328 | D:4      | Gained mutation: You can survive without breathing. [Grey
                  | Draconian growth]
  3652 | D:4      | Found a runed translucent door.
  3659 | D:4      | Noticed Paulthewizard's ghost (amateur DEEE)
  3985 | D:4      | Killed Paulthewizard's ghost
  3986 | D:4      | Reached skill level 4 in Axes
  4166 | D:5      | Reached skill level 5 in Axes
  4166 | D:5      | Reached XP level 8. HP: 65/66 MP: 8/12
  4356 | D:5      | Learned a level 4 spell: Summon Ice Beast
  4693 | D:5      | Reached *** piety under Wu Jian
  4710 | D:5      | Reached skill level 1 in Summonings
  5016 | D:6      | Found a staircase to the Ecumenical Temple.
  5054 | D:6      | Found a radiant altar of Vehumet.
  5118 | D:6      | Found a blossoming altar of Fedhas.
  5129 | D:6      | Reached skill level 6 in Axes
  5165 | D:6      | Found a broken altar of Ashenzari.
  5166 | D:6      | Found a glowing silver altar of Zin.
  5287 | D:6      | Found a hazy altar of Hepliaklqana.
  5479 | D:6      | Found a snail-covered altar of Cheibriados.
  5507 | D:6      | Found a sacrificial altar of Ru.
  5780 | D:7      | Reached skill level 5 in Fighting
  5780 | D:7      | Reached XP level 9. HP: 67/74 MP: 10/14
  6302 | D:7      | Reached **** piety under Wu Jian
  6362 | D:7      | Reached skill level 5 in Dodging
  6743 | D:7      | Reached skill level 7 in Axes
  7346 | D:8      | Noticed a two-headed ogre
  7362 | D:8      | Killed a two-headed ogre
  7589 | D:8      | Learned a level 3 spell: Stone Arrow
  7689 | D:8      | Reached skill level 1 in Earth Magic
  7699 | D:8      | Identified the Collected Works on Companions and Unholy
                  | Rituals
  7733 | D:8      | Reached skill level 8 in Axes
  7733 | D:8      | Reached XP level 10. HP: 83/83 MP: 11/16
  7739 | D:8      | Noticed Psyche
  7749 | D:8      | Killed Psyche
  7750 | D:8      | Reached skill level 1 in Conjurations
  8076 | D:9      | Reached ***** piety under Wu Jian
  8780 | D:9      | Reached skill level 5 in Summonings
  9080 | D:9      | Found a staircase to the Lair.
  9096 | D:9      | Reached skill level 9 in Axes
  9191 | D:9      | Noticed a two-headed ogre
  9201 | D:9      | Killed a two-headed ogre
  9426 | D:9      | Reached XP level 11. HP: 92/92 MP: 18/18
  9458 | D:9      | Reached skill level 5 in Spellcasting
  9515 | D:9      | Noticed a boulder beetle
  9546 | D:9      | Killed a boulder beetle
 10090 | D:10     | Entered Level 10 of the Dungeon
 11105 | D:11     | Found a staircase to the Orcish Mines.
 11602 | D:11     | Noticed Fannar
 11645 | D:11     | HP: 3/92 [Fannar/+0 quarterstaff of freezing (2)]
 11647 | D:11     | Killed from afar by Fannar

Illustrated notes

Levels and vault maps discovered:
D:1:      heliophobic_arrival_dark_side_of_the_moon, layout_basic,
          minmay_hexomino_p4
D:2:      minmay_door_path, layout_loops_corners
D:3:      layout_rooms, marbit_many_paths, chequers_ecumenical_altar_simple,
          okawaru_gym_becter, uniq_crazy_yiuf_cottage, uniq_sigmund
D:4:      layout_basic, ebering_ghost_sewer_d, uniq_edmund, uniq_menkaure
D:5:      minmay_chambers_of_fours, layout_rooms
D:6:      layout_basic, nicolae_ru_great_annihilating_truth, old_standard_altar,
          overflow_temple_1_default, gammafunk_temple_overflow_statue,
          old_standard_altar, minmay_temple_entry_glassed_door, basic_altar,
          chequers_serial_rivers_small_b
D:7:      layout_loops_ring, dk_rats_in_the_wall
D:8:      layout_cave_pools, uniq_psyche
D:9:      layout_loops_cross, minmay_lair_entry_grove,
          amcnicky_mini_rare_corridor_liquid
D:10:     layout_grid_maze
D:11:     layout_basic, david_orc_2, uniq_fannar

Skill      XL: |  1  2  3  4  5  6  7  8  9 10 11 |
---------------+----------------------------------+-----
Stealth        | 2 |  2.0
Dodging        | 2 3 4 5 6 |  6.8
Fighting       | 2 3 4 5 6 7 |  7.0
Axes           | 1 2 3 5 6 8 9 |  9.9
Spellcasting   | 3 4 5 |  5.0
Ice Magic      | 5 6 7 8 |  8.0
Summonings     | 3 4 6 7 |  7.2
Earth Magic    | 1 3 |  3.0
Conjurations   | 1 |  1.0

Action                   |  1- 3 |  4- 6 |  7- 9 | 10-12 || total
-------------------------+-------+-------+-------+-------++-------
Melee: Hand axe          |    58 |    94 |   230 |       ||   382
       Tailslap          |     3 |     3 |    36 |    25 ||    67
       Battleaxe         |       |       |    95 |   254 ||   349
Throw: Stone             |       |     2 |       |       ||     2
 Cast: Freeze            |    22 |    32 |    46 |       ||   100
       Frozen Ramparts   |       |     3 |     8 |    11 ||    22
       Summon Ice Beast  |       |       |     7 |    32 ||    39
       Stone Arrow       |       |       |       |     3 ||     3
Invok: Whirlwind         |       |    15 |    83 |    13 ||   111
       Lunge             |       |    10 |    48 |    20 ||    78
       Serpent's Lash    |       |       |     1 |       ||     1
  Use: Scroll            |     4 |       |       |     1 ||     5
       Potion            |     1 |     5 |     2 |     1 ||     9
 Stab: Sleeping          |     2 |     6 |     8 |     1 ||    17
       Distracted        |       |     1 |     1 |     1 ||     3
       Paralysed         |       |       |     2 |       ||     2
Armor: Skin              |    19 |    33 |   167 |    95 ||   314
Dodge: Dodged            |    41 |    79 |   282 |   214 ||   616
